AoeStats
← kensemail1987

Black Forest

503376450Analyzed
4v4 RM · 1mo ago on Aug 31, 2026· 51m 58s· 8 players
Game mode
Random Map
Map size
Large (8 player)
Population
200
Speed
Normal
Resources
Standard
Victory
Conquest
Starting age
Dark Age
Ending age
Imperial Age
RankedLock teamsTeams togetherTeam positionsShared explorationLock speedFull tech treeHidden civsTurbo modeCheats
Victory
Defeat
🇨🇳 Celts · China
1168
+9
🇨🇳 Malay · China
1097
+12
1038
+14
🇨🇳 Franks · China
946
+18
🇹🇼 Britons · Taiwan
1018
-14
🇹🇷 Magyars · Türkiye
1014
-14
🇪🇸 Khmer · Spain
1000
-13
🇫🇷 Sicilians · France
967
-12
WaRe MPaSsioN
0:28 Loom
1:20 Loom
17:09 Feudal Age
19:29 Scale Mail Armor
22:10 Castle Age
20:51 Fletching
26:58 Town Watch
30:49 Horse Collar
31:04 Gold Mining
31:05 Stone Mining
31:08 Double-Bit Axe
32:30 Ballistics
32:13 Murder Holes
32:49 Heavy Plow
33:04 Bow Saw
36:29 Imperial Age
34:46 Wheelbarrow
37:33 Conscription
37:37 First Crusade
38:37 Crop Rotation
38:00 Heavy Scorpion
39:57 Chemistry
40:56 Hand Cart
40:54 Forging
41:00 Chain Mail Armor
41:30 Pikeman
43:10 Elite Serjeant
44:12 Halberdier
49:00 Iron Casting
48:56 Plate Mail Armor
48:47 Siege Engineers
49:43 Town Patrol
51:18 Blast Furnace
50:14 Bodkin Arrow
|GaoeG| Ratarax
1:38 Loom
16:03 Feudal Age
18:44 Castle Age
17:17 Double-Bit Axe
21:33 Wheelbarrow
21:42 Bow Saw
25:16 Stone Mining
25:20 Horse Collar
28:09 Stone Shaft Mining
27:44 Scale Barding Armor
27:51 Forging
28:38 Bloodlines
29:09 Chain Barding Armor
32:42 Imperial Age
31:09 Iron Casting
30:48 Husbandry
32:13 Fletching
32:24 Padded Archer Armor
34:14 Conscription
34:38 Gold Mining
36:36 Chemistry
35:58 Ballistics
35:52 Masonry
36:17 Double Crossbow
38:04 Heavy Plow
39:31 Tusk Swords
40:12 Plate Barding Armor
40:39 Blast Furnace
41:35 Crop Rotation
42:24 Light Cavalry
43:34 Elite Battle Elephant
45:03 Hussar
47:16 Devotion
48:33 Gold Shaft Mining
kensemail1987
0:29 Loom
13:12 Feudal Age
18:53 Castle Age
20:37 Horse Collar
29:52 Ballistics
35:18 Imperial Age
32:45 Double-Bit Axe
33:14 Fletching
34:28 Wheelbarrow
33:45 Gold Mining
34:08 Pikeman
35:11 Forging
35:29 Murder Holes
35:35 Bodkin Arrow
36:23 Arson
38:24 Hand Cart
38:51 Halberdier
42:36 Yeomen
44:07 Gold Shaft Mining
43:37 Arson
43:53 Squires
43:43 Elite Longbowman
45:37 Caravan
51:11 Padded Archer Armor
Amongstars
1:21 Loom
12:37 Feudal Age
13:21 Double-Bit Axe
16:11 Horse Collar
19:42 Castle Age
26:05 Stone Mining
26:54 Gold Mining
27:52 Bow Saw
31:45 Imperial Age
30:29 Gold Shaft Mining
30:44 Wheelbarrow
31:11 Scale Barding Armor
31:42 Hand Cart
32:14 Heavy Plow
33:33 Two-Man Saw
33:32 Bloodlines
32:44 Cavalier
34:23 Chain Barding Armor
34:41 Husbandry
36:05 Plate Barding Armor
38:51 Paladin
39:56 Fletching
43:10 Hoardings
43:17 Corvinian Army
43:45 Elite Magyar Huszar
44:57 Light Cavalry
46:08 Masonry
打帝国需要戴老花镜
2:23 Loom
13:46 Feudal Age
15:58 Double-Bit Axe
17:12 Town Watch
22:33 Castle Age
20:59 Fletching
21:57 Padded Archer Armor
22:51 Crossbowman
23:28 Horse Collar
34:29 Imperial Age
32:46 Bodkin Arrow
33:07 Leather Archer Armor
34:01 Ballistics
34:22 Gold Mining
36:25 Wheelbarrow
36:16 Conscription
37:49 Hoardings
36:55 Capped Ram
38:36 Arbalester
40:50 Bracer
45:13 Forging
47:49 Thumb Ring
一叶知秋
1:40 Loom
12:38 Feudal Age
14:15 Double-Bit Axe
16:52 Castle Age
15:20 Horse Collar
16:01 Gold Mining
18:57 Gold Shaft Mining
19:54 Wheelbarrow
23:09 Bow Saw
33:33 Imperial Age
31:59 Hand Cart
31:30 Town Watch
31:47 Husbandry
33:46 Cavalier
34:28 Fletching
34:18 Heavy Scorpion
35:07 Bodkin Arrow
35:26 Forging
35:24 Scale Barding Armor
37:54 Iron Casting
37:50 Ballistics
37:18 Arrowslits
38:41 Chain Barding Armor
38:35 Caravan
39:41 Chemistry
38:53 Siege Engineers
39:42 Furor Celtica
39:28 Stronghold
40:14 Hoardings
40:00 Conscription
40:24 Guilds
40:47 Paladin
43:02 Stone Mining
45:33 Blast Furnace
44:34 Padded Archer Armor
44:54 Masonry
44:24 Treadmill Crane
48:43 Leather Archer Armor
五彩斑斓的黑
14:57 Feudal Age
13:13 Loom
19:46 Castle Age
18:23 Double-Bit Axe
19:49 Fletching
20:00 Padded Archer Armor
21:44 Fishing Lines
27:13 Wheelbarrow
27:15 Loom
27:30 Gold Mining
28:43 Loom
29:25 Gillnets
33:39 Imperial Age
31:57 Town Watch
33:08 Husbandry
34:04 Scale Barding Armor
34:09 Forging
34:09 Cavalier
35:10 Hand Cart
38:35 Paladin
39:55 Chain Barding Armor
40:11 Iron Casting
43:24 Onager
49:04 Caravan
50:30 Bow Saw
林海
1:17 Loom
12:33 Feudal Age
13:04 Feudal Age
16:35 Castle Age
15:10 Double-Bit Axe
17:22 Bow Saw
17:36 Horse Collar
22:28 Wheelbarrow
21:48 Gold Mining
24:19 Gold Shaft Mining
25:43 Hand Cart
26:00 Stone Mining
31:36 Imperial Age
29:15 Scale Barding Armor
29:21 Forging
30:00 Town Watch
30:29 Elite Battle Elephant
31:10 Husbandry
31:48 Iron Casting
31:38 Conscription
31:02 Capped Ram
32:02 Heavy Plow
35:52 Blast Furnace
43:25 Forced Levy
42:48 Man-at-Arms
43:30 Squires
43:15 Arson
44:52 Long Swordsman
45:25 Fletching
45:46 Siege Engineers
49:10 Crop Rotation
49:46 Two-Handed Swordsman
Connection lost

Rejoining the realm…

Still unreachable

The connection could not be restored.

Session expired

The server has moved on; the page needs a fresh start.